 Dungeon Sprint DCSS version 0.17-a0-1718-g72dbe4d (webtiles) character file.

1286 Kidiri the Covert (level 8, -36/36 HPs)
             Began as a Spriggan Enchanter on Aug 25, 2015.
             Annihilated by a kraken (48 damage)
             ... in the Dungeon (Sprint II: "The Violet Keep of Menkaure").
             The game lasted 00:05:33 (849 turns).

Kidiri the Covert (Spriggan Enchanter)               Turns: 849, Time: 00:05:33

Health: -36/36     AC:  5    Str:  3 (4)  XL:     8   Next: 30%
Magic:  6/23       EV: 29    Int: 17      God:
Gold:   69         SH:  0    Dex: 18      Spells: 5 memorised, 15 levels left

rFire  + . .     SeeInvis +     a - +1 dagger
rCold  . . .     Clarity  .     k - +0 robe {MR+}
rNeg   . . .     SustAt   .     (shield restricted)
rPois  .         Gourm    .     (helmet restricted)
rElec  .         Spirit   .     l - +2 cloak of the Quahog {+Blink Slay+5}
rCorr  .         Warding  .     (gloves unavailable)
rMut   .         NoTele   +     (boots unavailable)
MR     ++...                    (no amulet)
Stlth  ++++++....               (no ring)
                                (no ring)

@: very quick, very resistant to hostile enchantments, very stealthy
A: unfitting armour, horns 1, see invisible, deterioration 1, fire resistance 1,
herbivore 3, speed 3, screaming 1, slow metabolism 2
a: Evoke Blink


You were in the Dungeon.
You were not hungry.

You visited 1 branch You collected 972 gold pieces.
You spent 903 gold pieces at shops.

Inventory:

Hand weapons
 a - a +1 dagger (weapon)
Armour
 b - a +1 robe
 k - a +0 robe of magic resistance (worn)
 l - the +2 cloak of the Quahog (worn) {+Blink Slay+5}
   (You bought it in a shop in the Dungeon)

   It affects your accuracy and damage with ranged weapons and melee attacks
   (+5).
   It lets you blink.
Scrolls
 j - a scroll of blinking
 m - 3 scrolls of identify
Potions
 e - 5 potions of curing
 f - 4 potions of heal wounds
 g - 2 potions of haste
 h - 2 potions of magic
 i - a potion of berserk rage
Books
 c - a book of Maledictions

   Spells                             Type                      Level
   a - Corona                         Hexes                        1
   b - Ensorcelled Hibernation        Hexes/Ice                    2
   c - Confuse                        Hexes                        3
   d - Tukima's Dance                 Hexes                        3
   e - Dazzling Spray                 Conjuration/Hexes            3
Comestibles
 d - a bread ration


   Skills:
 + Level 6.5 Short Blades
 * Level 12.1 Dodging
 * Level 13.3 Stealth
 * Level 10.4 Spellcasting
 + Level 3.9 Conjurations
 + Level 8.1 Hexes
 + Level 4.2 Ice Magic


You had 15 spell levels left.
You knew the following spells:

 Your Spells              Type           Power        Failure   Level  Hunger
a - Corona                Hex            #####..      1%          1    None
b - Ensorcelled Hibernat  Hex/Ice        ####..       1%          2    None
c - Confuse               Hex            #####...     1%          3    None
d - Tukima's Dance        Hex            #####...     1%          3    None
e - Dazzling Spray        Conj/Hex       ####....     1%          3    None


Dungeon Overview and Level Annotations

Branches:
Dungeon (1/1)

Altars:

Shops:
D :!:%[(=}?((}[=[!

Annotations:
D exclusion: oklob plant


Innate Abilities, Weirdness & Mutations

You are tiny and cannot use many weapons and most armour.
You have supernaturally acute eyesight.
You are a herbivore.
You cover ground extremely quickly.
You need consume almost no food.
You have a pair of small horns on your head.
Your body sometimes deteriorates upon taking damage.
Your flesh is heat resistant.
You occasionally shout uncontrollably at your foes.


Message History

You catch the helpless kraken completely off-guard!
You impale the kraken!!
The kraken is heavily wounded.
You hit the kraken. You headbutt the kraken.
The kraken is heavily wounded.
You hit the kraken but do no damage.
The kraken is heavily wounded.
The kraken bites you!!
Ouch! That really hurt!
Unknown command.
Drink which item? (? for menu, Esc to quit)
You feel much better.
The kraken is no longer blind.
The kraken bites you!!
Ouch! That really hurt!
Your body deteriorates!
You feel weakened.
Unknown command.
You hit the kraken but do no damage.
The kraken is heavily wounded.
The kraken bites you!!!
Ouch! That really hurt!
You die...

##≈≈≈.........#
.#≈≈≈≈.##+##..#
.#≈≈≈≈##..%## ###
.#≈≈≈≈#.##..# ..#
.#≈≈####.######..##
.#≈##.###'###.##..#
∩#≈#.#.##.##...#..#
.+≈+###'.<.'###'..###
∩#≈#.#.##.##...#@...#
##≈##.###'###.##X.....≈≈
##≈≈####...####≈≈.....≈#
##≈≈≈#.)#..# ≈≈≈≈≈§..≈#
#+#≈##...##≈≈≈≈§§§≈.≈# ≈
#[#≈≈##+##≈≈≈§§§§≈≈≈≈# §
####≈≈≈≈≈≈≈≈≈§§§≈§≈§§#
#+++#+++#≈§§§§≈§§§# §z≈§


You could see a kraken.

Vanquished Creatures
  A siren (D)
  2 boulder beetles (D)
  2 hippogriffs (D)
  A crocodile (D)
  4 brain worms (D)
  A scorpion (D)
11 creatures vanquished.

Vanquished Creatures (others)
  16 tentacles (D)
  54 tentacle segments (D)
70 creatures vanquished.

Grand Total: 81 creatures vanquished

Notes
Turn   | Place    | Note
--------------------------------------------------------------
     0 | D        | Kidiri the Spriggan Enchanter began the quest for the Orb.
     0 | D        | Reached XP level 1. HP: 9/9 MP: 5/5
     1 | D        | Noticed a siren
     4 | D        | Noticed a hippogriff
     4 | D        | Noticed a hippogriff
     7 | D        | Noticed a brain worm
    16 | D        | Killed a brain worm
    16 | D        | Reached skill level 6 in Dodging
    16 | D        | Reached skill level 7 in Stealth
    16 | D        | Reached skill level 5 in Spellcasting
    16 | D        | Reached XP level 2. HP: 5/13 MP: 6/9
    16 | D        | Reached XP level 3. HP: 6/16 MP: 6/10
   219 | D        | Learned a level 2 spell: Ensorcelled Hibernation
   223 | D        | Learned a level 3 spell: Confuse
   227 | D        | Learned a level 3 spell: Tukima's Dance
   231 | D        | Learned a level 3 spell: Dazzling Spray
   235 | D        | Noticed a brain worm
   241 | D        | Killed a brain worm
   241 | D        | Reached skill level 8 in Stealth
   241 | D        | Reached skill level 1 in Conjurations
   241 | D        | Reached skill level 5 in Hexes
   241 | D        | Reached skill level 1 in Ice Magic
   241 | D        | Reached XP level 4. HP: 21/21 MP: 0/13
   246 | D        | Noticed a brain worm
   341 | D        | Killed a brain worm
   341 | D        | Reached skill level 9 in Stealth
   341 | D        | Reached XP level 5. HP: 24/24 MP: 10/15
   345 | D        | Noticed a brain worm
   352 | D        | Killed a brain worm
   352 | D        | Reached skill level 10 in Stealth
   428 | D        | Noticed a boulder beetle
   428 | D        | Noticed a boulder beetle
   435 | D        | Killed a hippogriff
   435 | D        | Reached skill level 5 in Short Blades
   435 | D        | Reached XP level 6. HP: 28/28 MP: 16/18
   443 | D        | Killed a hippogriff
   443 | D        | Reached skill level 10 in Dodging
   443 | D        | Reached skill level 11 in Stealth
   460 | D        | Killed a siren
   460 | D        | Reached skill level 12 in Stealth
   460 | D        | Reached XP level 7. HP: 32/32 MP: 19/21
   580 | D        | Killed a boulder beetle
   588 | D        | Killed a boulder beetle
   588 | D        | Reached skill level 13 in Stealth
   588 | D        | Reached skill level 10 in Spellcasting
   588 | D        | Reached XP level 8. HP: 36/36 MP: 23/23
   603 | D        | Noticed an ice statue
   605 | D        | Noticed a crocodile
   606 | D        | Found Juzucoeh's Antique Armour Boutique.
   607 | D        | Killed a crocodile
   625 | D        | Noticed a flying skull
   626 | D        | Noticed a flying skull
   627 | D        | Noticed a flying skull
   627 | D        | Noticed a flying skull
   627 | D        | Noticed a flying skull
   627 | D        | Noticed a flying skull
   627 | D        | Noticed a flying skull
   627 | D        | Noticed a flying skull
   629 | D        | Found Peycuf's Distillery.
   630 | D        | Found Ufilig's Jewellery Boutique.
   631 | D        | Found Vioplomeapp's Gadget Shop.
   631 | D        | Found Perat's Antique Armour Shop.
   632 | D        | Found Zekumesch's Antique Weapon Boutique.
   632 | D        | Found Ylamm's Antique Weapon Boutique.
   633 | D        | Noticed a scorpion
   635 | D        | Killed a scorpion
   638 | D        | Found Ovvateq's Gadget Shop.
   640 | D        | Found Ynoofio's Jewellery Shop.
   640 | D        | Found Haew's Magic Scroll Shop.
   640 | D        | Found Pehogou's Weapon Boutique.
   641 | D        | Noticed a fire dragon
   644 | D        | Found Muattat's Antique Armour Shop.
   644 | D        | Found Ywaleh's Food Boutique.
   644 | D        | Noticed an oklob plant
   645 | D        | Found Efatet's Distillery.
   645 | D        | Found Kuor's Book Boutique.
   645 | D        | Found Wesaf's Book Shoppe.
   646 | D        | Noticed a spiny frog
   648 | D        | Bought an embroidered robe for 17 gold pieces
   649 | D        | Bought a jewelled cloak for 266 gold pieces
   654 | D        | Identified the +2 cloak of the Quahog {+Blink Slay+5} (You bought it in a shop in the Dungeon)
   668 | D        | Noticed a yak
   671 | D        | Noticed a yak
   677 | D        | Noticed a yak
   677 | D        | Noticed a spiny frog
   691 | D        | Bought a scroll of identify for 24 gold pieces
   691 | D        | Bought a scroll of identify for 24 gold pieces
   691 | D        | Bought a scroll of identify for 24 gold pieces
   695 | D        | Bought a potion of haste for 120 gold pieces
   695 | D        | Bought a potion of curing for 36 gold pieces
   695 | D        | Bought a potion of heal wounds for 60 gold pieces
   695 | D        | Bought a potion of heal wounds for 60 gold pieces
   695 | D        | Bought a potion of curing for 36 gold pieces
   695 | D        | Bought 2 potions of mutation for 60 gold pieces
   703 | D        | Bought a potion of curing for 33 gold pieces
   703 | D        | Bought a potion of curing for 33 gold pieces
   703 | D        | Bought a potion of heal wounds for 55 gold pieces
   703 | D        | Bought a potion of heal wounds for 55 gold pieces
   706 | D        | Gained mutation: Your body sometimes deteriorates upon taking damage. [potion of mutation]
   706 | D        | Gained mutation: You have a pair of small horns on your head. [potion of mutation]
   706 | D        | Gained mutation: Your flesh is heat resistant. [potion of mutation]
   707 | D        | Gained mutation: You occasionally shout uncontrollably at your foes. [potion of mutation]
   726 | D        | Noticed a kraken
   849 | D        | Annihilated by a kraken

Vault maps used:
D:        the_violet_keep_of_menkaure

Action                   |  1- 3 |  4- 6 |  7- 9 || total
-------------------------+-------+-------+-------++-------
Melee: Dagger            |     9 |     7 |    11 ||    27
 Cast: Ensorcelled Hiber |     4 |     5 |     7 ||    16
       Dazzling Spray    |       |       |     4 ||     4
       Confuse           |       |       |     1 ||     1
  Use: Potion            |       |       |     3 ||     3
 Stab: Sleeping          |     2 |     5 |     5 ||    12
       Invisible         |       |       |     1 ||     1
